 Dungeon Crawl Stone Soup version 0.24.0-13-gcf9b319 (webtiles) character file.

Game seed: 13180070221088402535, levelgen mode: deterministic

9251 shmeve the Cleaver (level 11, -2/151 HPs)
             Began as a Minotaur Berserker on Apr 10, 2020.
             Was a High Priest of Trog.
             Slain by an orc warrior
             ... wielding a cursed +0 morningstar
              (10 damage)
             ... on level 10 of the Dungeon.
             The game lasted 00:16:31 (8535 turns).

shmeve the Cleaver (Minotaur Berserker)             Turns: 8535, Time: 00:16:32

Health: -2/151     AC: 13    Str: 30    XL:     11   Next: 20%
Magic:  0/10       EV: 10    Int:  4    God:    Trog [*****.]
Gold:   261        SH:  0    Dex: 10    Spells: 10/10 levels left

rFire    . . .     SeeInvis .   q - +0 war axe
rCold    . . .     Gourm    .   (no shield)
rNeg     . . .     Faith    .   A - +0 plate armour
rPois    .         Spirit   +   (helmet restricted)
rElec    .         Reflect  .   d - scarf {Spirit}
rCorr    .         Harm     .   (no gloves)
MR       ++...                  (no boots)
Stlth    ..........             (no amulet)
HPRegen  1.35/turn              (no ring)
MPRegen  0.12/turn              (no ring)

@: berserking, lethally poisoned (-2 -> -3), regenerating, very quick
A: retaliatory headbutt, horns 2
a: Berserk, Trog's Hand, Brothers in Arms, Renounce Religion


You were on level 10 of the Dungeon.
You worshipped Trog.
Trog was extremely pleased with you.
You were very hungry.

You visited 1 branch of the dungeon, and saw 10 of its levels.

You collected 538 gold pieces.
You spent 277 gold pieces at shops.

Inventory:

Hand Weapons
 q - a +0 war axe (weapon)
Missiles
 a - 4 javelins
 e - 4 boomerangs (quivered)
Armour
 d - a scarf of spirit shield (worn)
 v - a +0 buckler
 A - a +0 plate armour (worn)
Wands
 w - a wand of acid (9)
 y - a wand of iceblast (18)
 z - a wand of polymorph (7)
Scrolls
 b - a scroll of enchant armour {unknown}
 g - 3 scrolls of teleportation {unknown}
 h - a scroll of amnesia {unknown}
 i - 12 scrolls of identify
 l - 7 scrolls of remove curse
 m - 2 scrolls of random uselessness {unknown}
 o - a scroll of fog {unknown}
 r - a scroll of brand weapon {unknown}
 u - a scroll of immolation {unknown}
 x - 3 scrolls of enchant weapon {unknown}
 B - a scroll of blinking {unknown}
 D - a scroll of magic mapping {unknown}
Potions
 f - 7 potions of curing {unknown}
 j - 5 potions of haste {unknown}
 k - 3 potions of brilliance {unknown}
 n - 2 potions of agility
 p - 2 potions of flight {unknown}
 s - a potion of berserk rage {unknown}
 t - 2 potions of might {unknown}
Comestibles
 c - 22 rations
 C - 4 chunks of flesh


   Skills:
 - Level 10.4 Fighting
 - Level 10.4 Axes
 - Level 5.5 Throwing
 - Level 7.1 Armour
 - Level 6.6 Dodging
 + Level 10.4 Shields


You had 10 spell levels left.
You didn't know any spells.
Your spell library was empty.

Dungeon Overview and Level Annotations

Branches:
Dungeon (10/15)            Temple (0/1) D:4
   Lair: D:8-11         Orc: D:9-12

Altars:
Cheibriados
Elyvilon
Hepliaklqana
Makhleb
Nemelex Xobeh
Qazlal
Sif Muna
Trog
Vehumet

Shops:
D:6 ?   D:9 %


Innate Abilities, Weirdness & Mutations

You reflexively headbutt those who attack you in melee.
You have a pair of horns on your head.


Message History

You slash the killer bee! You slice the yak!! You closely miss the orc warrior.
You slash the troll! You slice the orc!!
You kill the orc!
Trog accepts your kill.
You feel sick. The killer bee stings you.
* * * LOW HITPOINT WARNING * * *
The troll bites you.
* * * LOW HITPOINT WARNING * * *
The troll claws you.
* * * LOW HITPOINT WARNING * * *
The troll claws you.
* * * LOW HITPOINT WARNING * * *
The orc priest mumbles some strange prayers to Beogh against you.
Beogh smites you!
* * * LOW HITPOINT WARNING * * *
The killer bee barely misses you. You furiously retaliate!
You headbutt the killer bee! The yak gores you.
* * * LOW HITPOINT WARNING * * *
The orc warrior hits you with a cursed +0 morningstar!
You die...

#....#.###.####
..... #.# #.#[#
#.#
#####.#.#####.#
..............#
..............#
.##..........#
..##..Yo.....##
.....oy@T....#
...ooYYyo....#
.....Y.......#
...oooo.......#
..5o.....##...#
..oo.....# ...#
.......... ..#
.......... .#


You could see 4 yaks, a troll, 3 orc warriors, 2 killer bees, 2 orc priests, an
orc wizard, a crimson imp and 6 orcs.

Vanquished Creatures
  3 two-headed ogres
  An unseen horror (D:10)
  2 trolls
  A hornet (D:10)
  A wyvern (D:10)
  8 yaks (D:10)
  2 hungry ghosts
  A water moccasin (D:8)
  4 ice beasts
  7 orc warriors
  A sky beast (D:5)
  A phantom (D:8)
  4 ogres
  2 centaurs (D:6)
  3 big kobolds
  4 bullfrogs
  A gnoll sergeant (D:9)
  2 wyvern zombies
  A scorpion (D:7)
  A killer bee (D:10)
  8 wights
  2 howler monkeys
  8 crimson imps
  5 bullfrog skeletons
  4 hounds
  A centaur skeleton (D:8)
  9 orc priests
  9 orc wizards
  Jessica (D:2)
  3 iguanas
  6 worker ants
  A killer bee zombie (D:5)
  A hound zombie (D:7)
  A howler monkey zombie (D:9)
  A howler monkey skeleton (D:5)
  8 gnolls
  10 adders
  3 shadow imps
  2 oozes
  3 adder zombies
  A worm (D:2)
  4 dart slugs
  4 leopard geckos
  38 orcs
  3 ball pythons
  14 giant cockroaches
  13 goblins
  9 hobgoblins
  9 jackals
  25 kobolds
  2 quokkas
  9 bats
  5 frilled lizards
  A giant cockroach zombie (D:5)
  2 leopard gecko skeletons
  A quokka skeleton (D:6)
  A quokka zombie (D:9)
  8 rats
285 creatures vanquished.

Notes
Turn   | Place    | Note
-------+----------+-------------------------------------------
     0 | D:1      | shmeve the Minotaur Berserker began the quest for the Orb.
     0 | D:1      | Reached XP level 1. HP: 19/19 MP: 0/0
   177 | D:1      | Reached XP level 2. HP: 18/27 MP: 1/1
   814 | D:1      | Reached XP level 3. HP: 32/33 MP: 2/2
   933 | D:2      | Found a radiant altar of Vehumet.
  1139 | D:2      | Noticed Jessica
  1145 | D:2      | Killed Jessica
  1145 | D:2      | Reached skill level 1 in Throwing
  1145 | D:2      | Reached XP level 4. HP: 41/41 MP: 3/3
  1150 | D:2      | Reached ** piety under Trog
  1630 | D:2      | Reached XP level 5. HP: 45/47 MP: 4/4
  1952 | D:3      | Reached skill level 5 in Axes
  2026 | D:3      | Reached skill level 5 in Fighting
  2367 | D:4      | Reached *** piety under Trog
  2452 | D:4      | Found a shimmering blue altar of Sif Muna.
  2461 | D:4      | Found a staircase to the Ecumenical Temple.
  2536 | D:4      | Found a burning altar of Makhleb.
  2591 | D:4      | Reached XP level 6. HP: 42/56 MP: 3/5
  2818 | D:4      | Found a hazy altar of Hepliaklqana.
  2839 | D:4      | Found a stormy altar of Qazlal.
  3075 | D:5      | Entered Level 5 of the Dungeon
  3104 | D:5      | Reached XP level 7. HP: 16/63 MP: 3/6
  3919 | D:5      | Reached **** piety under Trog
  3921 | D:5      | Found a bloodstained altar of Trog.
  3993 | D:6      | Found a white marble altar of Elyvilon.
  4021 | D:6      | Reached XP level 8. HP: 44/73 MP: 3/7
  4042 | D:6      | Found Ofraup's Magic Scroll Emporium.
  4241 | D:6      | Bought a scroll of remove curse for 33 gold pieces
  4241 | D:6      | Bought a scroll of identify for 22 gold pieces
  4241 | D:6      | Bought a scroll of identify for 22 gold pieces
  4517 | D:6      | Reached skill level 5 in Armour
  5186 | D:7      | Reached skill level 5 in Dodging
  5461 | D:7      | Reached ***** piety under Trog
  5498 | D:7      | Found a sparkling altar of Nemelex Xobeh.
  5566 | D:7      | Reached XP level 9. HP: 50/82 MP: 2/8
  6138 | D:8      | Noticed a two-headed ogre
  6145 | D:8      | Killed a two-headed ogre
  6461 | D:8      | Reached skill level 5 in Throwing
  6699 | D:8      | Reached skill level 10 in Axes
  6699 | D:8      | Reached XP level 10. HP: 88/93 MP: 7/9
  7145 | D:9      | Reached skill level 10 in Fighting
  7296 | D:9      | Found a snail-covered altar of Cheibriados.
  7300 | D:9      | Noticed a two-headed ogre
  7305 | D:9      | Killed a two-headed ogre
  7751 | D:9      | Noticed a two-headed ogre
  7758 | D:9      | Killed a two-headed ogre
  7758 | D:9      | Received a gift from Trog
  7758 | D:9      | Reached skill level 5 in Shields
  7968 | D:9      | Found Muaduer's Food Boutique.
  7977 | D:9      | Bought a ration for 50 gold pieces
  7977 | D:9      | Bought a ration for 50 gold pieces
  7977 | D:9      | Bought a ration for 50 gold pieces
  7977 | D:9      | Bought a ration for 50 gold pieces
  8236 | D:10     | Entered Level 10 of the Dungeon
  8407 | D:10     | Reached XP level 11. HP: 101/101 MP: 8/10
  8531 | D:10     | Killed an unseen horror
  8532 | D:10     | Reached skill level 10 in Shields
  8533 | D:10     | Received a gift from Trog
  8535 | D:10     | Slain by an orc warrior

Levels and vault maps discovered:
D:1:      minmay_arrival_semitransparent, layout_basic, st_stairs_12,
          grunt_decor_resistance
D:2:      layout_basic, lemuel_round_altar, minmay_misc_feat_nine_boxes,
          uniq_jessica
D:3:      layout_rooms
D:4:      layout_loops_ring, led_sif_book, lemuel_doored_altar, minitemple,
          minmay_temple_entry_sparse_star, first_ration
D:5:      layout_basic, marbit_many_paths, serial_rivers,
          chequers_serial_rivers_micro_e, chequers_serial_rivers_micro_d,
          chequers_serial_rivers_marsh, chequers_serial_rivers_room_b
D:6:      layout_cave_pools, elyvilon_altar_4, serial_shops,
          nicolae_shop_crystal, kennysheep_decorative_pillar,
          minmay_ogre_servants
D:7:      layout_gridville, nicolae_overflow_crystal_walls
D:8:      layout_layer_cave
D:9:      layout_gridville, cheibriados_altar_1, serial_shops,
          nicolae_shop_crystal
D:10:     layout_loops_corners, erik_orc_4, hangedman_fish_farm, minivault_15,
          nicolae_zen_rock_garden

Skill      XL: |  1  2  3  4  5  6  7  8  9 10 11 |
---------------+----------------------------------+-----
Axes           | 4 5 6 7 8 10 | 10.4
Fighting       | 4 5 6 7 8 9 10 | 10.4
Throwing       | 1 2 3 4 5 |  5.5
Armour         | 3 4 5 6 7 |  7.1
Dodging        | 3 4 5 6 |  6.6
Shields        | 9 10 | 10.4

Action                   |  1- 3 |  4- 6 |  7- 9 | 10-12 || total
-------------------------+-------+-------+-------+-------++-------
Melee: Hand axe          |    62 |    82 |       |       ||   144
       Headbutt          |     6 |    22 |    35 |    35 ||    98
       War axe           |       |    79 |   250 |   144 ||   473
Throw: Boomerang         |       |       |    17 |     2 ||    19
Invok: Berserk           |     1 |     1 |     8 |     6 ||    16
       Trog's Hand       |       |     1 |     1 |     2 ||     4
  Use: Scroll            |       |       |     2 |     1 ||     3
  Eat: Chunk             |     1 |     7 |    20 |     8 ||    36
       Ration            |       |       |     1 |     1 ||     2
Armor: Animal skin       |    10 |       |       |       ||    10
       Chain mail        |       |   100 |    89 |       ||   189
       Plate armour      |       |       |    51 |   121 ||   172
Dodge: Dodged            |    63 |    94 |   126 |    86 ||   369
